 Dungeon Crawl Stone Soup version 0.17-a0-1738-g82cdc46 (webtiles) character file.

23 TuckyLangle the Magician (level 2, -1/24 HPs)
             Began as a Draconian Wanderer on Aug 30, 2015.
             Slain by an adder (4 damage)
             ... on level 2 of the Dungeon.
             The game lasted 00:03:53 (1714 turns).

TuckyLangle the Magician (Draconian Wanderer)       Turns: 1714, Time: 00:03:53

Health: -1/24      AC:  4    Str: 14    XL:     2   Next: 72%
Magic:  0/5        EV: 11    Int: 13    God:
Gold:   32         SH:  0    Dex:  9    Spells: 1 memorised, 4 levels left

rFire  . . .     SeeInvis .     b - +0 mace
rCold  . . .     Clarity  .     (armour unavailable)
rNeg   . . .     SustAt   .     (no shield)
rPois  .         Gourm    .     (helmet restricted)
rElec  .         Spirit   .     (no cloak)
rCorr  .         Warding  .     (no gloves)
rMut   .         Stasis   .     (no boots)
MR     .....                    (no amulet)
Stlth  +.........               (no ring)
                                (no ring)

@: lethally poisoned (-1 -> -8), very slightly contaminated, not resistant to
hostile enchantments, very unstealthy
A: unfitting armour, cold-blooded, AC +4
a: no special abilities


You were on level 2 of the Dungeon.
You were not hungry.

You visited 1 branch of the dungeon, and saw 2 of its levels.

You collected 32 gold pieces.

Inventory:

Hand weapons
 b - a +0 mace (weapon)
Scrolls
 e - 2 scrolls of identify {unknown}
Potions
 c - a potion of curing
Books
 a - a book of Frost

   Spells                             Type                      Level
   a - Freeze                         Ice                          1
   b - Throw Frost                    Conjuration/Ice              2
   c - Ozocubu's Armour               Charms/Ice                   3
   d - Throw Icicle                   Conjuration/Ice              4
   e - Summon Ice Beast               Ice/Summoning                4
   f - Condensation Shield            Ice                          4


   Skills:
 - Level 2.1 Fighting
 - Level 1.0 Maces & Flails
 - Level 1.0 Stealth
 * Level 2.5 Spellcasting
   Level 1.7 Hexes
 - Level 2.0 Ice Magic
   Level 1.0 Evocations


You had 4 spell levels left.
You knew the following spells:

 Your Spells              Type           Power        Failure   Level  Hunger
a - Throw Frost           Conj/Ice       #.....       24%         2    ###....


Dungeon Overview and Level Annotations

Branches:
Dungeon (2/15)

Altars:

Annotations:
D:2 Terence


Innate Abilities, Weirdness & Mutations

Your plain brown scales are hard (AC +4).
Your body does not fit into most forms of armour.
You are cold-blooded and may be slowed by cold attacks.


Message History

You don't know that spell.
Casting: Throw Frost
Confirm with . or Enter, or press ? or * to list all spells.
You don't have enough magic to cast that spell.
You barely miss the adder.
You feel sick. The adder closely misses you. The adder barely misses you.
You barely miss the adder.
You feel sick. The adder bites you but does no damage. The adder bites you.
* * * LOW HITPOINT WARNING * * *
You barely miss the adder.
* * * LOW HITPOINT WARNING * * *
You feel sick. The adder bites you.
* * * LOW HITPOINT WARNING * * *
The adder bites you but does no damage.
You barely miss the adder.
* * * LOW HITPOINT WARNING * * *
You feel sick.
Terence says, "Rest in peace."
The adder bites you.
You die...

..... #..########...##..
..K.. #.##.....<.......#
.....####.##.######...####
.......†..##.# #.#.#
#.#........#.# ..#.#
#............####.###.#
#...........##... ..
##..........#..# #
#........l.#@#
#.......@.h#S#
##.........@h#
#..........###
............#
##............
#.........$.##
#..........## ..!..g....##


You could see Terence, an adder and a jackal.

Vanquished Creatures
  2 giant geckos (D:1)
  3 giant cockroaches (D:1)
  2 goblins (D:1)
  2 hobgoblins (D:1)
  A jackal (D:2)
  4 bats
  A giant newt (D:1)
  3 kobolds (D:1)
  A quokka (D:2)
  2 rats (D:1)
21 creatures vanquished.

Notes
Turn   | Place    | Note
--------------------------------------------------------------
     0 | D:1      | TuckyLangle the Draconian Wanderer began the quest for the Orb.
     0 | D:1      | TuckyLangle set off with: a book of Frost, a +0 mace, a potion of curing, a bread ration
     0 | D:1      | Reached XP level 1. HP: 17/17 MP: 2/2
   690 | D:1      | Reached XP level 2. HP: 24/24 MP: 4/4
   831 | D:1      | Learned a level 2 spell: Throw Frost
  1693 | D:2      | Noticed Terence
  1714 | D:2      | Slain by an adder

Vault maps used:
D:1:      dpeg_arrival_circle_labyrinth_a, serial_bayou_crossing
D:2:      uniq_iyjb, uniq_jessica, uniq_terence, uniq_robin

Action                   || total
-------------------------++-------
Melee: Mace              ||    82
 Cast: Throw Frost       ||    14
 Stab: Sleeping          ||     1
  Eat: Bread ration      ||     1
       Beef jerky        ||     1
